 Dungeon Crawl Stone Soup version 0.28.0-47-ge53b351184 (webtiles) character file.

Game seed: 14913708473108026371

110 bobregger the Skirmisher (level 4, 0/50 HPs)
             Began as an Ogre Berserker on Apr 28, 2022.
             Was a Believer of Trog.
             Slain by an orc
             ... wielding a +1 vorpal hand axe
              (5 damage)
             ... on level 3 of the Dungeon.
             The game lasted 00:02:24 (2765 turns).

bobregger the Skirmisher (Ogre Berserker)           Turns: 2765, Time: 00:02:25

Health: 0/50       AC:  3    Str: 21    XL:     4   Next: 91%
Magic:  4/4        EV: 10    Int:  8    God:    Trog [**....]
Gold:   62         SH:  0    Dex: 10    Spells: 3/3 levels left

rFire   . . .      SeeInvis .   a - +0 mace
rCold   . . .      Faith    .   (no shield)
rNeg    . . .      Spirit   .   b - +0 animal skin
rPois   .          Reflect  .   (helmet restricted)
rElec   .          Harm     .   (no cloak)
rCorr   .          Rampage  .   (gloves unavailable)
Will    .....                   (boots unavailable)
Stlth   +.........              (no amulet)
HPRegen 0.16/turn               (no ring)
MPRegen 0.09/turn               (no ring)

@: no status effects
A: large, unfitting armour, tough skin 1
a: Renounce Religion, Berserk, Trog's Hand


You were on level 3 of the Dungeon.
You worshipped Trog.
Trog was pleased with you.
You visited 1 branch of the dungeon, and saw 3 of its levels.

You collected 62 gold pieces.

Inventory:

Hand Weapons
 a - a +0 mace (weapon)
Missiles
 c - 2 throwing nets (quivered)
Armour
 b - a +0 animal skin (worn)
Scrolls
 e - a scroll of enchant armour {unknown}
 f - 3 scrolls of identify {unknown}
 g - a scroll of summoning {unknown}
 h - a scroll of teleportation {unknown}
 k - a scroll of torment {unknown}
Potions
 d - 4 potions of brilliance {unknown}
 i - a potion of flight {unknown}
 j - a potion of resistance {unknown}
 l - a potion of cancellation {unknown}


   Skills:
 * Level 5.5 Fighting
 + Level 3.2 Maces & Flails
 * Level 3.7 Dodging


You had 3 spell levels left.
You didn't know any spells.
Your spell library was empty.

Dungeon Overview and Level Annotations

Branches:
Dungeon (3/15)

Altars:


Innate Abilities, Weirdness & Mutations

You are too large for most types of armour.
You have tough skin. (AC +1)


Message History

l - a red potion
Found a stone staircase leading down.
An orc comes into view. It is wielding a +0 mace.
The orc barely misses you.
You completely miss the orc. The orc hits you but does no damage.
You barely miss the orc. The orc hits you with a +0 mace.
You hit the orc.
You kill the orc!
Trog accepts your kill.
Things that are here:
a +0 mace; an orc corpse
Found a chain mail.
An orc comes into view. It is wielding a +1 vorpal hand axe.
You see here a +0 chain mail.
An orc is nearby!
An orc is nearby!
The orc hits you with a +1 vorpal hand axe.
The orc closely misses you.
You barely miss the orc. The orc closely misses you.
You closely miss the orc.
The orc hits you with a +1 vorpal hand axe.
You barely miss the orc. The orc hits you but does no damage.
You barely miss the orc. The orc hits you but does no damage.
The orc hits you with a +1 vorpal hand axe.
You closely miss the orc.
The orc hits you with a +1 vorpal hand axe.
You hit the orc but do no damage.
The orc hits you with a +1 vorpal hand axe.
You hit the orc but do no damage. The orc closely misses you.
You closely miss the orc.
The orc hits you with a +1 vorpal hand axe. x2
You hit the orc but do no damage.
The orc hits you with a +1 vorpal hand axe!
* * * LOW HITPOINT WARNING * * *
x2 You closely miss the orc.
The orc hits you with a +1 vorpal hand axe.
* * * LOW HITPOINT WARNING * * *
x2 You hit the orc but do no damage.
The orc barely misses you.
The orc hits you with a +1 vorpal hand axe.
You die...

############ #
#..........#
###.###..###.########
.##.###..###.#......#
...............[.#
.##.###..###.#.#.##.#
###.###......#.#@o..#
# #......#####.###..#
######## #.# ..# #..
.# ### ## ### ..# .
#.# ##. #.# #.. #.#


You could see an orc.

Vanquished Creatures
  An orc wizard (D:3)
  An adder (D:2)
  2 worms (D:2)
  3 dart slugs
  5 orcs (D:3)
  A bat (D:1)
  2 endoplasms
  2 giant cockroaches
  5 goblins
  4 hobgoblins
  7 jackals
  3 quokkas
  6 ball pythons
  3 frilled lizards (D:2)
  5 kobolds
  6 rats
56 creatures vanquished.

Vanquished Creatures (others)
  4 plants (D:1)
4 creatures vanquished.

Grand Total: 60 creatures vanquished

Notes
Turn   | Place    | Note
-------+----------+-------------------------------------------
     0 | D:1      | bobregger the Ogre Berserker began the quest for the Orb.
     0 | D:1      | Reached XP level 1. HP: 24/24 MP: 1/1
   307 | D:1      | Reached XP level 2. HP: 21/32 MP: 2/2
  1286 | D:2      | Found a faded altar of an unknown god.
  1294 | D:2      | Reached XP level 3. HP: 38/40 MP: 3/3
  1958 | D:2      | Reached ** piety under Trog
  2010 | D:2      | Reached skill level 5 in Fighting
  2102 | D:2      | Reached XP level 4. HP: 50/50 MP: 4/4
  2765 | D:3      | Slain by an orc

Illustrated notes

Levels and vault maps discovered:
D:1:      dpeg_arrival_arbitrary_b, layout_basic, serial_bayou,
          serial_bayou_crossing, serial_bayou_ford_a, serial_bayou_lake_a,
          serial_bayou_pond_d, serial_bayou_lagoon_a, serial_bayou_lagoon_b
D:2:      layout_loops_ring, chequers_ecumenical_altar_simple,
          minmay_misc_feat_chi
D:3:      layout_loops_cross, minitemple

Skill      XL: |  1  2  3 |
---------------+----------+-----
Dodging        | 3 |  3.7
Maces & Flails | 3 |  3.2
Fighting       | 5 |  5.5

Action                   |  1- 3 |  4- 6 || total
-------------------------+-------+-------++-------
Melee: Mace              |   133 |    58 ||   191
       Punch             |       |     1 ||     1
Invok: Berserk           |     1 |     1 ||     2
Armor: Animal skin       |    42 |    14 ||    56
Dodge: Dodged            |    75 |    37 ||   112
